 Dungeon Crawl Stone Soup version 0.27-a0-1177-g245c70e1c0 (webtiles) character file.

Game seed: 17859444155823863799

79 Vomitron the Bolt Thrower (level 4, 0/27 HPs)
             Began as a Kobold Hunter on May 17, 2021.
             Succumbed to a scorpion's poison
             ... on level 2 of the Dungeon.
             The game lasted 00:01:45 (1246 turns).

Vomitron the Bolt Thrower (Kobold Hunter)           Turns: 1246, Time: 00:01:46

Health: 0/27       AC:  5    Str:  9    XL:     4   Next: 64%
Magic:  4/4        EV: 13    Int: 12    God:
Gold:   44         SH:  0    Dex: 16    Spells: 3/3 levels left

rFire    . . .     SeeInvis .   a - +1 hand crossbow
rCold    . . .     Faith    .   (shield restricted)
rNeg     . . .     Spirit   .   i - +0 ring mail
rPois    .         Reflect  .   (no helmet)
rElec    .         Harm     .   (no cloak)
rCorr    .         Rampage  .   (no gloves)
Will     .....                  (no boots)
Stlth    +++.......             (no amulet)
HPRegen  0.09/turn              (no ring)
MPRegen  0.09/turn              (no ring)

@: lethally poisoned (0 -> -5), attractive
A: small, no large weapons, nightstalker 3
a: no special abilities


You were on level 2 of the Dungeon.
You visited 1 branch of the dungeon, and saw 2 of its levels.

You collected 44 gold pieces.

Inventory:

Hand Weapons
 a - a +1 hand crossbow (weapon)
 b - a +0 rapier
 j - a +0 short sword
Missiles
 d - 26 bolts (quivered ammo)
Armour
 c - a +0 leather armour
 i - a +0 ring mail (worn)
Scrolls
 e - a scroll of enchant weapon {unknown}
 f - a scroll of immolation {unknown}
Potions
 g - a potion of attraction
 h - a potion of flight {unknown}
 k - a potion of curing {unknown}


   Skills:
 + Level 2.8 Fighting
 + Level 1.9 Short Blades
 * Level 5.6 Crossbows
 + Level 3.1 Dodging
 + Level 2.5 Stealth


You had 3 spell levels left.
You didn't know any spells.
Your spell library was empty.

Dungeon Overview and Level Annotations

Branches:
Dungeon (2/15)

Altars:


Innate Abilities, Weirdness & Mutations

You are small and have problems with some larger weapons.
You are completely attuned to the shadows.


Message History

The scorpion stings you. The scorpion barely misses you.
You are too injured to fight recklessly!
Unknown command.
You are too injured to fight recklessly!
Fire: 30 bolts
Press: ? - help, Q - select action Shift-Dir - straight line, f/p - scorpion
Aim: a scorpion (severely wounded, 67% to hit)
You shoot a bolt. The bolt closely misses the scorpion.
The scorpion closely misses you.
Unknown command.
Unknown command.
Fire: 29 bolts
Press: ? - help, Q - select action Shift-Dir - straight line, f/p - scorpion
Aim: a scorpion (severely wounded, 67% to hit)
You shoot a bolt. The bolt closely misses the scorpion.
The scorpion misses you. The scorpion closely misses you.
Unknown command.
Unknown command.
Fire: 28 bolts
Press: ? - help, Q - select action Shift-Dir - straight line, f/p - scorpion
Aim: a scorpion (severely wounded, 67% to hit)
You shoot a bolt. The bolt barely misses the scorpion.
The scorpion stings you!
* * * LOW HITPOINT WARNING * * *
You are lethally poisoned!
The scorpion poisons you!
Unknown command.
Fire: 27 bolts
Press: ? - help, Q - select action Shift-Dir - straight line, f/p - scorpion
Aim: a scorpion (severely wounded, 67% to hit)
You shoot a bolt. The bolt hits the scorpion!
You kill the scorpion!
* * * LOW HITPOINT WARNING * * *
You feel very sick.
Your Dodging skill increases to level 3!
Your Stealth skill increases to level 2!
You have reached level 4!
It was a potion of attraction.
You feel attractive to monsters.
You die...

#. ..
#.####..
###......
#......###
#....<†..#
.(..@..###
###.(.##
##(## ###


There were no monsters in sight!

Vanquished Creatures
  A scorpion (D:2)
  A bat (D:1)
  6 endoplasms (D:1)
  2 goblins (D:1)
  3 hobgoblins (D:1)
  A quokka (D:1)
  2 ball pythons
  2 kobolds (D:1)
  A rat (D:1)
19 creatures vanquished.

Notes
Turn   | Place    | Note
-------+----------+-------------------------------------------
     0 | D:1      | Vomitron the Kobold Hunter began the quest for the Orb.
     0 | D:1      | Reached XP level 1. HP: 12/12 MP: 1/1
   180 | D:1      | Reached skill level 5 in Crossbows
   180 | D:1      | Reached XP level 2. HP: 12/18 MP: 2/2
   812 | D:1      | Reached skill level 1 in Short Blades
   966 | D:1      | Reached XP level 3. HP: 22/22 MP: 3/3
  1236 | D:2      | Noticed a scorpion
  1245 | D:2      | Killed a scorpion
  1245 | D:2      | HP: 1/22 [poisoned by a scorpion]
  1246 | D:2      | Reached XP level 4. HP: 1/27 MP: 4/4
  1246 | D:2      | Succumbed to a scorpion's poison

Illustrated notes

Levels and vault maps discovered:
D:1:      heliophobic_arrival_dark_side_of_the_moon, layout_loops_ring
D:2:      layout_loops_ring, serial_shops, shop, serial_co_window_serial,
          co_window_corner_a, co_window_corner_a, co_window_of_opportunity_a,
          co_window_corner_a, co_window_of_opportunity_a, co_window_corner_a,
          co_window_paths_b, co_window_paths_b, co_window_corner_a,
          co_window_broadway_a, co_window_of_opportunity_b, co_window_corner_b,
          co_window_corner_ca, glass_columns_a, glass_columns_a

Skill      XL: |  1  2  3 |
---------------+----------+-----
Crossbows      | 5 |  5.6
Short Blades   | 1 |  1.9
Dodging        | 3 |  3.1
Stealth        | 2 |  2.5
Fighting       | |  2.8

Action                   |  1- 3 |  4- 6 || total
-------------------------+-------+-------++-------
Melee: Short sword       |    18 |       ||    18
       Rapier            |    10 |       ||    10
 Fire: Hand crossbow     |    17 |       ||    17
  Use: Potion            |       |     1 ||     1
 Stab: Sleeping          |     7 |       ||     7
Armor: Leather armour    |     2 |       ||     2
       Ring mail         |     2 |       ||     2
Dodge: Dodged            |    14 |       ||    14

Table legend: (Time is in decaauts)
 A = Elapsed time spent in this place.
 B = Non-inter-level travel time spent in this place.
 C = Inter-level travel time spent in this place.
 D = Time resting spent in this place.
 E = Time spent auto-exploring this place.
 F = Levels seen in this place.
 G = Mean time per level.
                   A        B        C        D        E       F      G
               +--------+--------+--------+--------+--------+-----+--------+
         Total |   1240 |   1220 |     20 |    277 |    808 |   2 |  620.0 |
       Dungeon |   1240 |   1220 |     20 |    277 |    808 |   2 |  620.0 |
               +--------+--------+--------+--------+--------+-----+--------+

Top non-repeatable levels by time:
     D:1: 1229 daAuts
     D:2: 10 daAuts
